[Event "Titled Tuesday Blitz June 13 Early 2023"]
[White "Xu, Yi"]
[Black "Kramnik, Vladimir"]
[WhiteFideId "8605564"]
[BlackFideId "4101588"]
[WhiteElo "2460"]
[BlackElo "2703"]
[Result "1/2-1/2"]
[Round "7"]
[TimeControl "180+2"]
[Date "2023.06.13"]
[WhiteClock "0:00:06"]
[BlackClock "0:00:06"]
[Board "4"]

1. e4 c5 2. Nf3 e6 3. d4 cxd4 4. Nxd4 Nf6 5. Nc3 Nc6 6. Nxc6 bxc6 7. e5 Nd5 8. Ne4 Qc7 9. f4 a5 10. a3 Qb6 11. c4 Ne3 12. Qd3 Nf5 13. Be2 Bb7 14. Bd2 Be7 15. Bc3 c5 16. Bf3 O-O 17. O-O Nd4 18. Rae1 Rad8 19. Kh1 Bxe4 20. Bxe4 g6 21. Qh3 d6 22. Re3 dxe5 23. Qh6 f5 24. Rg3 Rf7 25. fxe5 Ne2 26. Rgf3 Nxc3 27. bxc3 Qc7 28. Qf4 Bf8 29. Bc2 Bg7 30. Re1 Rfd7 31. h3 Rd2 32. Ba4 h6 33. Qg3 g5 34. Rff1 Kh7 35. Qe3 R2d3 36. Qf2 Rxc3 37. Bb5 Rdd3 38. a4 Qd8 39. Qe2 Qd4 40. Qh5 Qh4 41. Qxh4 gxh4 42. Rf4 Rd4 43. Rf2 Kg6 44. Rfe2 Kg5 45. Kg1 Rf4 46. Rd2 Rd4 47. Rde2 f4 48. Kf2 Kf5 49. Kg1 Re3 50. Rxe3 fxe3 51. Rxe3 Bxe5 52. Kf1 Bf4 53. Re1 Rd3 54. Ke2 Re3+ 55. Kf2 Rb3 56. Rd1 Bg3+ 57. Ke2 Rb2+ 58. Rd2 Rxd2+ 59. Kxd2 Ke5 60. Ke3 Kf5 61. Kf3 Ke5 62. Ke3 Bf4+ 63. Kf3 Bg5 64. Ke2 Kd4 65. Kf3 e5 66. Ke2 e4 67. Ba6 e3 68. Bb5 Kc3 69. Ba6 Kb3 70. Bb5 Kc2 71. Ba6 Kc3 72. Bb5 Kb4 73. Kd3 Bf4 74. Ke2 Kc3 75. Ba6 Kd4 76. Bb5 Bg5 77. Ba6 Ke4 78. Bb5 Ke5 79. Ba6 Kd4 80. Bb5 Kc3 81. Ba6 Kd4 1/2-1/2


[Site "https://www.chess.com"]

[Event "Titled Tuesday Blitz June 13 Early 2023"]
[White "Terry, Renato"]
[Black "Nakamura, Hikaru"]
[WhiteFideId "3803457"]
[BlackFideId "2016192"]
[WhiteElo "2575"]
[BlackElo "2874"]
[Result "0-1"]
[Round "7"]
[TimeControl "180+2"]
[Date "2023.06.13"]
[WhiteClock "0:00:00"]
[BlackClock "0:00:35"]
[Board "5"]

1. d4 g6 2. Nf3 Bg7 3. c3 d6 4. e4 Nd7 5. Bc4 e6 6. Qe2 a6 7. a4 b6 8. Nbd2 Bb7 9. Nf1 Ne7 10. Ng3 c5 11. O-O cxd4 12. Nxd4 O-O 13. Rd1 Qc7 14. Bxe6 fxe6 15. Nxe6 Qc6 16. Nxf8 Rxf8 17. Bg5 Nc8 18. f3 a5 19. Nf1 Nc5 20. Qc4+ Kh8 21. Ne3 Ba6 22. Qd5 Qe8 23. Qa2 Bb7 24. Nd5 Bxd5 25. Rxd5 Be5 26. Bh6 Rg8 27. Be3 g5 28. h3 Ne7 29. Rd2 Ng6 30. Qc4 Nf4 31. b3 h5 32. Rf1 Rf8 33. Rdd1 Qg6 34. Kh1 g4 35. fxg4 hxg4 36. Bxf4 Rxf4 37. Rxf4 Bxf4 38. Qd5 gxh3 39. Rg1 Nxe4 0-1


[Site "https://www.chess.com"]

[Event "Titled Tuesday Blitz June 13 Early 2023"]
[White "Ahmadzada, Ahmad"]
[Black "Fedoseev, Vladimir"]
[WhiteFideId "13413007"]
[BlackFideId "24130737"]
[WhiteElo "2388"]
[BlackElo "2743"]
[Result "1-0"]
[Round "7"]
[TimeControl "180+2"]
[Date "2023.06.13"]
[WhiteClock "0:00:02"]
[BlackClock "0:00:00"]
[Board "6"]

1. e4 Nc6 2. Nc3 e5 3. Bc4 Nf6 4. d3 Bb4 5. Ne2 d5 6. exd5 Nxd5 7. O-O Be6 8. Ne4 Be7 9. f4 f5 10. N4g3 O-O 11. fxe5 Nxe5 12. Bb3 g6 13. d4 Nf7 14. c4 Nf6 15. Nf4 Bd7 16. c5 Kg7 17. Bd2 b6 18. Bc3 bxc5 19. dxc5 Bxc5+ 20. Kh1 Nd6 21. Nfh5+ gxh5 22. Nxh5+ Kg6 23. Nxf6 Rxf6 24. Qd5 Bb6 25. Rf3 Ne4 26. Bxf6 Nxf6 27. Qf7+ Kg5 28. Rg3+ Ng4 29. Qg7+ Kh5 30. Rh3+ 1-0


[Site "https://www.chess.com"]

[Event "Titled Tuesday Blitz June 13 Early 2023"]
[White "Bacrot, Etienne"]
[Black "Sarana, Alexey"]
[WhiteFideId "605506"]
[BlackFideId "24133795"]
[WhiteElo "2672"]
[BlackElo "2714"]
[Result "1/2-1/2"]
[Round "7"]
[TimeControl "180+2"]
[Date "2023.06.13"]
[WhiteClock "0:00:05"]
[BlackClock "0:00:03"]
[Board "7"]

1. e4 c5 2. Nf3 d6 3. d4 cxd4 4. Nxd4 Nf6 5. Nc3 a6 6. Be2 e5 7. Nb3 Be7 8. O-O O-O 9. Re1 Be6 10. Bf3 Nbd7 11. Nd2 b5 12. a3 Nb6 13. Nf1 Rc8 14. Ne3 Qd7 15. h3 Rfd8 16. Qd3 h6 17. Rd1 Qc7 18. Bd2 Nc4 19. Nxc4 Bxc4 20. Qe3 Be6 21. Qe1 Qb7 22. Rac1 a5 23. Ne2 a4 24. Ba5 Rd7 25. Nc3 Bc4 26. Bb4 Qb6 27. Rd2 Rdc7 28. Rcd1 Rc6 29. Be2 Qa6 30. Bxc4 bxc4 31. Nd5 Nxd5 32. Rxd5 Ra8 33. Qe3 Qb7 34. g3 Raa6 35. Kg2 f6 36. Qf3 Qc8 37. Qf5 Kf7 38. Rb5 g6 39. Qf3 h5 40. Rdd5 Rc7 41. Qd1 Qe6 42. Rb8 f5 43. exf5 Qxf5 44. Bxd6 Rd7 45. Bxe7 Qe4+ 46. Qf3+ Qxf3+ 47. Kxf3 Rxd5 48. Bb4 Ke6 49. Ke4 Rd4+ 50. Ke3 Kf5 51. Bc3 Rd5 52. f3 Rc5 53. Re8 Kf6 54. f4 Kf7 55. Rxe5 Rxe5+ 56. Bxe5 Rb6 57. Ke4 Rb7 58. g4 Rd7 59. f5 Rd2 60. fxg6+ Kxg6 61. gxh5+ Kxh5 62. Bc3 Rd7 63. Bf6 Rd6 64. Be5 Rd8 65. Bf6 Rd7 66. Be5 Kh4 67. Kf5 Kxh3 68. Ke6 Rd2 69. c3 Rxb2 70. Kd5 Rb3 71. Kxc4 Kg4 72. Bd6 Rb7 73. Bb4 Kf5 74. Kd5 Kf6 75. c4 Kf7 76. Kc6 Rb8 77. Bd6 Rc8+ 78. Kd5 Ke8 79. c5 Kd7 80. Kc4 Kc6 81. Kb4 Ra8 82. Be7 Ra7 83. Bd6 Kd5 84. Kb5 Rb7+ 85. Kxa4 Rb1 86. Ka5 Kc6 87. a4 Rb3 88. Be7 Rb7 89. Bd6 Rb1 90. Be7 Re1 91. Bd6 Re4 92. Bf8 Re8 93. Bd6 Rc8 94. Be7 Ra8+ 95. Kb4 Rb8+ 96. Ka5 Rb1 97. Bd6 Kd5 98. Be7 Rb3 99. Bd6 Rb7 100. Ka6 Kc6 101. Ka5 Rf7 102. Kb4 Rf6 103. Ka5 Rg6 104. Be7 Rg4 105. Bd6 Re4 106. Bf8 Re1 107. Bd6 Re8 108. Kb4 Ra8 109. Be7 Ra7 110. Bd6 Ra8 111. Be7 1/2-1/2


[Site "https://www.chess.com"]

[Event "Titled Tuesday Blitz June 13 Early 2023"]
[White "Galchenko, Matvey"]
[Black "Sadhwani, Raunak"]
[WhiteFideId "24175480"]
[BlackFideId "35093487"]
[WhiteElo "2423"]
[BlackElo "2631"]
[Result "0-1"]
[Round "7"]
[TimeControl "180+2"]
[Date "2023.06.13"]
[WhiteClock "0:00:13"]
[BlackClock "0:00:52"]
[Board "8"]

1. d4 Nf6 2. c4 g6 3. Nc3 Bg7 4. e4 d6 5. Nf3 O-O 6. Be2 e5 7. d5 Na6 8. Bg5 h6 9. Be3 Ng4 10. Bd2 f5 11. exf5 Bxf5 12. h3 Nxf2 13. Kxf2 e4 14. Be3 exf3 15. Bxf3 Nb4 16. g4 Bc2 17. Qd2 Qf6 18. Qe2 Bd3 19. Qd1 Rae8 20. Re1 Nc2 0-1


[Site "https://www.chess.com"]

[Event "Titled Tuesday Blitz June 13 Early 2023"]
[White "Arutinian, David"]
[Black "Lazavik, Denis"]
[WhiteFideId "13601741"]
[BlackFideId "13515110"]
[WhiteElo "2525"]
[BlackElo "2560"]
[Result "0-1"]
[Round "7"]
[TimeControl "180+2"]
[Date "2023.06.13"]
[WhiteClock "0:00:06"]
[BlackClock "0:00:24"]
[Board "9"]

1. Nf3 d5 2. e3 Nf6 3. c4 c6 4. Nc3 Bf5 5. cxd5 cxd5 6. Qb3 Bc8 7. Bb5+ Nc6 8. e4 e6 9. d3 Be7 10. O-O O-O 11. e5 Nd7 12. d4 f6 13. exf6 Nxf6 14. Re1 a6 15. Bd3 Bd7 16. Qd1 Bd6 17. Bg5 Qc7 18. Bh4 Rae8 19. Bc2 Bc8 20. Rc1 Qf7 21. Bg3 Bxg3 22. hxg3 Kh8 23. a3 Ng4 24. Qd3 Qh5 25. Nd1 e5 26. dxe5 Ncxe5 27. Rxe5 Nxe5 28. Nxe5 Rxe5 29. Ne3 Bf5 30. Nxf5 Rexf5 31. f3 Re5 32. Bb3 Qh6 33. Rd1 Qb6+ 34. Kf1 Rh5 35. Bxd5 Rd8 36. Qb3 Rh1+ 37. Ke2 Qxb3 38. Bxb3 Rdxd1 39. Bxd1 Rg1 40. Bc2 Rxg2+ 41. Kd3 Rxg3 42. Ke3 Rg2 43. Kd3 h5 44. b4 h4 45. Bd1 h3 0-1


[Site "https://www.chess.com"]

[Event "Titled Tuesday Blitz June 13 Early 2023"]
[White "Bok, Benjamin"]
[Black "Harsha Bharathakoti"]
[WhiteFideId "1017063"]
[BlackFideId "5078776"]
[WhiteElo "2657"]
[BlackElo "2504"]
[Result "1-0"]
[Round "7"]
[TimeControl "180+2"]
[Date "2023.06.13"]
[WhiteClock "0:00:02"]
[BlackClock "0:00:00"]
[Board "10"]

1. d4 d5 2. c4 e6 3. Nc3 c6 4. e3 Nf6 5. Nf3 Nbd7 6. Qc2 Bd6 7. b3 b6 8. Bd3 Bb7 9. O-O O-O 10. Bb2 Qe7 11. Rfe1 Rfe8 12. e4 dxe4 13. Nxe4 Nxe4 14. Bxe4 Nf8 15. Rad1 f6 16. h3 Rad8 17. a3 c5 18. Bxb7 Qxb7 19. d5 exd5 20. Rxe8 Rxe8 21. Rxd5 Qe7 22. g3 Bc7 23. Kg2 Rd8 24. Nh4 Rxd5 25. cxd5 g6 26. Qc4 Bd6 27. Nf3 Nd7 28. a4 Kf7 29. Qa6 Nb8 30. Qc8 Qe8 31. Qxe8+ Kxe8 32. Bxf6 Nd7 33. Bc3 a6 34. Ng5 h5 35. Ne4 Ke7 36. f4 b5 37. axb5 axb5 38. Kf3 Nb6 39. Bf6+ Kd7 40. Be5 Bxe5 41. fxe5 Nxd5 42. Nxc5+ Kc6 43. Nd3 Ne7 44. Ke4 Kd7 45. g4 hxg4 46. hxg4 Kc6 47. Nf4 Kc5 48. Nd3+ Kc6 49. Kd4 g5 50. Nb4+ Kd7 51. Nd5 Nc6+ 52. Ke4 b4 53. Kf5 Nd4+ 54. Kf6 Kc6 55. Nxb4+ Kc5 56. Nd3+ Kd5 57. b4 Kc4 58. e6 1-0


[Site "https://www.chess.com"]

[Event "Titled Tuesday Blitz June 13 Early 2023"]
[White "Madaminov, Mukhiddin"]
[Black "Wojtaszek, Radoslaw"]
[WhiteFideId "14210703"]
[BlackFideId "1118358"]
[WhiteElo "2511"]
[BlackElo "2586"]
[Result "1-0"]
[Round "7"]
[TimeControl "180+2"]
[Date "2023.06.13"]
[WhiteClock "0:01:38"]
[BlackClock "0:00:42"]
[Board "11"]

1. d4 Nf6 2. Nc3 d5 3. Bf4 a6 4. e3 c5 5. dxc5 Nc6 6. a3 e5 7. Bg5 Be6 8. b4 Be7 9. Na4 Qc7 10. Nf3 Rd8 11. Be2 h6 12. Bh4 d4 13. Qc1 dxe3 14. fxe3 Ne4 15. Bxe7 Qxe7 16. O-O O-O 17. Nb6 Ng5 18. Qe1 e4 19. Nxg5 Qxg5 20. Rf4 Nd4 21. Bd1 Nf3+ 22. Bxf3 exf3 23. Rxf3 Bg4 24. Rg3 Qh5 25. Qc3 f6 26. Qc4+ 1-0


[Site "https://www.chess.com"]

[Event "Titled Tuesday Blitz June 13 Early 2023"]
[White "Sjugirov, Sanan"]
[Black "Vakhlamov, Igor L."]
[WhiteFideId "4189302"]
[BlackFideId "24126748"]
[WhiteElo "2569"]
[BlackElo "2407"]
[Result "1/2-1/2"]
[Round "7"]
[TimeControl "180+2"]
[Date "2023.06.13"]
[WhiteClock "0:00:05"]
[BlackClock "0:00:06"]
[Board "12"]

1. e4 c5 2. Nf3 e6 3. d4 cxd4 4. Nxd4 Nf6 5. Nc3 Nc6 6. Ndb5 Bc5 7. Nd6+ Ke7 8. Bf4 e5 9. Nf5+ Kf8 10. Bg5 d6 11. Bc4 h6 12. Bxf6 Qxf6 13. Nd5 Qg6 14. Nde3 Nd4 15. Ng3 Be6 16. Bxe6 fxe6 17. c3 Nc6 18. b4 Bxe3 19. Qxd6+ Kg8 20. fxe3 h5 21. O-O h4 22. Nf5 h3 23. Rf2 Kh7 24. Ng3 Rhe8 25. b5 Rad8 26. Qc5 Na5 27. Qxe5 Nc4 28. Qf4 Rd3 29. Re1 Rxc3 30. e5 Rd8 31. Ne4 Rcd3 32. Nd6 Nxd6 33. Qh4+ Qh6 34. Qxd8 Rxe3 35. Rxe3 Qxe3 36. Qxd6 Qe1+ 37. Rf1 Qe3+ 38. Kh1 Qe2 39. Rg1 hxg2+ 40. Rxg2 Qf1+ 41. Rg1 Qf3+ 42. Rg2 Qf1+ 43. Rg1 Qf3+ 44. Rg2 Qf1+ 1/2-1/2


[Site "https://www.chess.com"]

[Event "Titled Tuesday Blitz June 13 Early 2023"]
[White "Kevlishvili, Robby"]
[Black "Ilamparthi A R"]
[WhiteFideId "1040634"]
[BlackFideId "45015775"]
[WhiteElo "2572"]
[BlackElo "2348"]
[Result "0-1"]
[Round "7"]
[TimeControl "180+2"]
[Date "2023.06.13"]
[WhiteClock "0:00:03"]
[BlackClock "0:00:17"]
[Board "13"]

1. e4 c5 2. Nf3 d6 3. d4 cxd4 4. Nxd4 Nf6 5. Nc3 a6 6. h4 e5 7. Nb3 Be6 8. f4 g6 9. Be2 Nc6 10. g4 exf4 11. g5 f3 12. Bxf3 Nd7 13. Be3 Nce5 14. Be2 h6 15. Qd2 hxg5 16. Bxg5 Be7 17. O-O-O Nf6 18. Nd4 Qd7 19. Rdf1 Ng8 20. h5 gxh5 21. Rxh5 Rxh5 22. Bxh5 O-O-O 23. Nf5 Nc4 24. Nxe7+ Nxe7 25. Qd4 Rg8 26. Bh4 Nc6 27. Qf6 Ne3 28. Re1 Nc4 29. b3 N4e5 30. Kb2 Bg4 31. Rg1 Kb8 32. Qf4 Rh8 33. Bxg4 Rxh4 34. Bxd7 Rxf4 35. Rg8+ Ka7 36. Bf5 Rf2 37. Nd5 Nd4 38. Ne3 Re2 39. Rg3 Nef3 40. Nc4 Rxc2+ 41. Kb1 Rf2 42. Nxd6 Nd2+ 43. Kc1 Ne2+ 44. Kxd2 Nxg3+ 45. Ke3 Nxf5+ 46. exf5 Rxa2 47. Nxf7 Rb2 48. Ne5 Rxb3+ 49. Kd4 Rb4+ 50. Ke3 Rb6 51. Nd7 Rd6 52. Nc5 a5 53. Ke4 Rc6 54. Kd5 Kb6 55. Ne6 a4 56. f6 a3 57. f7 Rc8 58. Nd4 a2 59. Nb3 Kb5 60. Ke6 Kb4 61. Nc1 a1=Q 62. Nd3+ Kb5 63. Ne5 Qxe5+ 64. Kxe5 Rf8 65. Ke6 Kc6 66. Ke7 Rxf7+ 67. Kxf7 b5 68. Ke6 b4 69. Ke5 b3 70. Ke4 b2 0-1


[Site "https://www.chess.com"]

[Event "Titled Tuesday Blitz June 13 Early 2023"]
[White "Lintchevski, Daniil"]
[Black "Atakhan, Abtin"]
[WhiteFideId "4171055"]
[BlackFideId "22502203"]
[WhiteElo "2559"]
[BlackElo "2008"]
[Result "1-0"]
[Round "7"]
[TimeControl "180+2"]
[Date "2023.06.13"]
[WhiteClock "0:00:21"]
[BlackClock "0:00:00"]
[Board "14"]

1. e4 c5 2. c3 Nf6 3. e5 Nd5 4. d4 cxd4 5. cxd4 d6 6. Bc4 Nb6 7. Bb3 dxe5 8. Qh5 e6 9. dxe5 Nc6 10. Nf3 Qd3 11. Nc3 Bb4 12. Bd2 Nc4 13. O-O-O Nxd2 14. Rxd2 Qg6 15. Qxg6 hxg6 16. Rd3 Rh5 17. Re1 a6 18. h4 b5 19. g4 Rh8 20. Red1 Be7 21. Ne4 Bb7 22. Rd7 Na5 23. Neg5 Bc6 24. Rc7 Nxb3+ 25. axb3 Bd5 26. Rd3 f6 27. Rxd5 exd5 28. Ne6 Kf7 29. Nf4 Rhc8 30. e6+ Ke8 31. Nxd5 Bd6 32. Rc2 a5 33. Nd4 a4 34. Nxb5 Be5 35. Nbc7+ Bxc7 36. Nxc7+ Ke7 37. Nxa8 Rxa8 38. b4 Rb8 39. Rc4 Kxe6 40. Kc2 Rh8 41. g5 fxg5 42. hxg5 Rb8 43. Kc3 Kf5 44. Rc5+ Kf4 45. b5 Kf3 46. Kb4 1-0


[Site "https://www.chess.com"]

[Event "Titled Tuesday Blitz June 13 Early 2023"]
[White "Keymer, Vincent"]
[Black "Rakotomaharo, Fy Antenaina"]
[WhiteFideId "12940690"]
[BlackFideId "13100050"]
[WhiteElo "2669"]
[BlackElo "2427"]
[Result "1-0"]
[Round "7"]
[TimeControl "180+2"]
[Date "2023.06.13"]
[WhiteClock "0:00:10"]
[BlackClock "0:00:02"]
[Board "15"]

1. a3 d5 2. Nf3 Bf5 3. c4 e6 4. Qb3 Nc6 5. Qxb7 Na5 6. Qb5+ c6 7. Qa4 dxc4 8. Nc3 Rc8 9. e4 Bg6 10. Bxc4 Nxc4 11. Qxc4 Bd6 12. O-O Ne7 13. d4 O-O 14. Bg5 f6 15. e5 fxg5 16. Qxe6+ Bf7 17. Qxd6 Qxd6 18. exd6 Nf5 19. Nxg5 Bc4 20. Rfe1 Nxd6 21. Rad1 Bb3 22. Rc1 Nf5 23. Nf3 Rfd8 24. Re4 Rd7 25. Rf4 g6 26. Ne4 Re7 27. g4 Ng7 28. Nc5 Bd5 29. Ne5 a5 30. h4 Ne6 31. Nxe6 Rxe6 32. Rc5 Ra8 33. f3 a4 34. Kf2 Ra7 35. Kg3 Ra6 36. g5 Re7 37. Rf6 Raa7 38. Nxc6 Bxc6 39. Rfxc6 Rab7 40. Rc4 Rxb2 41. Rc8+ Kf7 42. R8c7 Rd2 43. Rxe7+ Kxe7 44. Rxa4 Kd6 45. Ra7 Rxd4 46. Rxh7 Ke6 47. Rg7 1-0


[Site "https://www.chess.com"]

[Event "Titled Tuesday Blitz June 13 Early 2023"]
[White "Babazada, Khazar"]
[Black "Papasimakopoulos, Alexandros"]
[WhiteFideId "13413554"]
[BlackFideId "4244125"]
[WhiteElo "2369"]
[BlackElo "2359"]
[Result "1-0"]
[Round "7"]
[TimeControl "180+2"]
[Date "2023.06.13"]
[WhiteClock "0:00:06"]
[BlackClock "0:00:04"]
[Board "16"]

1. Nf3 g6 2. e4 c6 3. d4 d5 4. Nc3 Bg4 5. h3 Bxf3 6. Qxf3 e6 7. Bd3 Bg7 8. O-O Nd7 9. Rd1 Ne7 10. Ne2 O-O 11. c3 f5 12. exd5 exd5 13. Nf4 Rf6 14. Re1 Nf8 15. Bd2 Nc8 16. Qg3 Nd6 17. f3 Qd7 18. h4 Nc4 19. Bxc4 dxc4 20. Re2 Re8 21. Rae1 Rxe2 22. Rxe2 h6 23. Qe1 Kf7 24. b3 c5 25. bxc4 cxd4 26. cxd4 Qxd4+ 27. Kh1 Qxc4 28. Re7+ Kg8 29. Bc3 Rf7 30. Bxg7 Kxg7 31. Qe5+ Kg8 32. Nd5 Rxe7 33. Nxe7+ Kf7 34. Nd5 Qc5 35. Qf6+ Ke8 36. Qe5+ Kf7 37. h5 gxh5 38. Qxf5+ Kg7 39. Qf6+ Kh7 40. Ne7 Qc1+ 41. Kh2 Qg5 42. Qf7+ Qg7 43. Qe8 h4 44. Nf5 Qf6 45. Qe4 Ng6 46. Qxb7+ Kh8 47. Qa8+ Kh7 48. Qxa7+ Kh8 49. Qa8+ Kh7 50. Qe4 h5 51. a4 Qb6 52. a5 Qc7+ 53. Kh3 Qxa5 54. Qb7+ Ne7 55. Qxe7+ Kg6 56. Nxh4+ Kh6 57. Qf6+ Kh7 58. Qf7+ Kh6 59. Qg6# 1-0


[Site "https://www.chess.com"]

[Event "Titled Tuesday Blitz June 13 Early 2023"]
[White "Nihal Sarin"]
[Black "Gharibyan, Mamikon"]
[WhiteFideId "25092340"]
[BlackFideId "13308300"]
[WhiteElo "2689"]
[BlackElo "2445"]
[Result "1-0"]
[Round "7"]
[TimeControl "180+2"]
[Date "2023.06.13"]
[WhiteClock "0:00:11"]
[BlackClock "0:00:12"]
[Board "17"]

1. e4 c5 2. Nf3 Nc6 3. Bb5 g6 4. O-O Bg7 5. c3 Nf6 6. Re1 O-O 7. d4 d5 8. e5 Ne4 9. Bxc6 bxc6 10. Be3 Qb6 11. Qc1 cxd4 12. cxd4 a5 13. Nc3 a4 14. h3 Bf5 15. a3 Rfb8 16. Re2 Qb3 17. Nd2 Nxc3 18. bxc3 Qb2 19. Re1 h5 20. c4 c5 21. Qxb2 Rxb2 22. dxc5 d4 23. Bf4 Rc8 24. Nf3 Rxc5 25. Nxd4 Rxc4 26. Rad1 Ra2 27. Re3 Bd7 28. Bg5 Rc5 29. Nf3 Bc6 30. Bxe7 Rd5 31. Rc1 Bd7 32. Bf6 Be6 33. Bxg7 Kxg7 34. Ng5 Rdd2 35. Nxe6+ fxe6 36. Rc7+ Kh6 37. Rf3 h4 38. Rf4 Kg5 39. Rg4+ Kf5 40. Rxa4 Rd1+ 41. Kh2 g5 42. Rf7+ Kxe5 43. f4+ Kd6 44. fxg5 Raa1 45. Rxh4 Rh1+ 46. Kg3 Rxa3+ 47. Rf3 Ra2 48. g6 Rg1 49. Rg4 Raxg2+ 50. Kh4 Rxg4+ 51. hxg4 Rh1+ 52. Kg5 Rh8 53. g7 1-0


[Site "https://www.chess.com"]

[Event "Titled Tuesday Blitz June 13 Early 2023"]
[White "Le, Tuan Minh"]
[Black "Mekhitarian, Krikor Sevag"]
[WhiteFideId "12401153"]
[BlackFideId "2107660"]
[WhiteElo "2566"]
[BlackElo "2604"]
[Result "0-1"]
[Round "7"]
[TimeControl "180+2"]
[Date "2023.06.13"]
[WhiteClock "0:00:02"]
[BlackClock "0:00:02"]
[Board "18"]

1. d4 Nf6 2. Nf3 g6 3. Nbd2 d5 4. e3 Bg7 5. b4 O-O 6. Bb2 c6 7. c4 Ne4 8. Be2 Nd7 9. O-O Nxd2 10. Qxd2 Nf6 11. Rfd1 Ne4 12. Qc2 Nd6 13. c5 Ne4 14. b5 Qc7 15. h3 cxb5 16. Bxb5 Bd7 17. Bd3 Bc6 18. Ne5 Bxe5 19. dxe5 Ng5 20. Rac1 Rad8 21. Qb3 Qc8 22. Bf1 Ne6 23. Qb4 Qc7 24. Qh4 Qd7 25. f4 Ng7 26. Bd4 Rc8 27. g4 Bb5 28. Bg2 Bc6 29. Kh2 e6 30. Bf3 Qd8 31. Qf2 Bb5 32. h4 Bc4 33. h5 Qe7 34. hxg6 fxg6 35. Kg2 g5 36. Qg3 Qf7 37. Rh1 gxf4 38. Qh2 h5 39. gxh5 fxe3 40. Qg3 Kh8 41. Bg4 Nf5 42. Bxf5 Qxf5 43. Kh2 Rg8 44. Qh4 Rcf8 45. Rcg1 Rxg1 46. Qf2 0-1


[Site "https://www.chess.com"]

[Event "Titled Tuesday Blitz June 13 Early 2023"]
[White "Hafiz, Arif Abdul"]
[Black "Pranesh M"]
[WhiteFideId "7104227"]
[BlackFideId "35028600"]
[WhiteElo "2198"]
[BlackElo "2437"]
[Result "1-0"]
[Round "7"]
[TimeControl "180+2"]
[Date "2023.06.13"]
[WhiteClock "0:00:07"]
[BlackClock "0:00:01"]
[Board "19"]

1. e4 c5 2. Nc3 Nc6 3. f4 d6 4. Nf3 g6 5. Bb5 Bg7 6. Bxc6+ bxc6 7. d3 f5 8. O-O Nf6 9. Qe1 O-O 10. e5 Nd5 11. Bd2 Rb8 12. b3 Ba6 13. Nd1 Nb4 14. Ne3 dxe5 15. Bxb4 Rxb4 16. Nxe5 Rxf4 17. Rxf4 Bxe5 18. Ra4 Bb5 19. Rxa7 f4 20. Ng4 Qd4+ 21. Kf1 Bd6 22. Qe6+ Kh8 23. Re1 f3 24. Qe4 Qc3 25. gxf3 Qxc2 26. Nf2 Rf4 27. Qe2 Qc3 28. a4 Rh4 29. axb5 cxb5 30. Ne4 Qd4 31. Nxd6 c4 32. Qe5+ Qxe5 33. Rxe5 c3 34. Rexe7 Re4 35. fxe4 c2 36. Re8# 1-0


[Site "https://www.chess.com"]

[Event "Titled Tuesday Blitz June 13 Early 2023"]
[White "Rahman, Masruri"]
[Black "Andreikin, Dmitry"]
[WhiteFideId "7101163"]
[BlackFideId "4158814"]
[WhiteElo "2256"]
[BlackElo "2736"]
[Result "0-1"]
[Round "7"]
[TimeControl "180+2"]
[Date "2023.06.13"]
[WhiteClock "0:00:15"]
[BlackClock "0:02:09"]
[Board "20"]

1. d4 Nf6 2. Bf4 c5 3. e3 Qb6 4. Nc3 g6 5. Rb1 Bg7 6. Nf3 O-O 7. Bg5 Nc6 8. Be2 cxd4 9. exd4 d5 10. O-O Ne4 11. Be3 Rd8 12. h3 Bf5 13. Re1 Rac8 14. Bd3 Nb4 15. Ne5 Bxe5 16. dxe5 d4 17. Nxe4 dxe3 18. Qe2 Bxe4 19. Bxe4 Nxc2 20. fxe3 Nxe1 0-1


[Site "https://www.chess.com"]

[Event "Titled Tuesday Blitz June 13 Early 2023"]
[White "Duda, Jan-Krzysztof"]
[Black "Sattarov, Bobir"]
[WhiteFideId "1170546"]
[BlackFideId "14203081"]
[WhiteElo "2783"]
[BlackElo "2351"]
[Result "1-0"]
[Round "7"]
[TimeControl "180+2"]
[Date "2023.06.13"]
[WhiteClock "0:01:25"]
[BlackClock "0:00:00"]
[Board "21"]

1. Nf3 d5 2. g3 Nd7 3. Bg2 Nb6 4. d3 Bf5 5. O-O e6 6. a4 a5 7. Nd4 Bg6 8. f4 Bc5 9. c3 h5 10. h3 Nh6 11. Kh2 Nd7 12. Nd2 c6 13. e4 Qc7 14. N2b3 Bb6 15. f5 exf5 16. Bf4 Qd8 17. exd5 cxd5 18. Qe2+ Kf8 19. Bxd5 Nf6 20. Bxb7 h4 21. gxh4 Nhg4+ 22. Kg2 Nh5 23. hxg4 Nxf4+ 24. Rxf4 Qxh4 25. Bxa8 Qh2+ 26. Kf1 Qxf4+ 27. Qf2 Qxg4 28. Bf3 Qf4 29. Re1 1-0


[Site "https://www.chess.com"]

[Event "Titled Tuesday Blitz June 13 Early 2023"]
[White "Deac, Bogdan-Daniel"]
[Black "Matinian, Nikita"]
[WhiteFideId "1226380"]
[BlackFideId "24129100"]
[WhiteElo "2644"]
[BlackElo "2422"]
[Result "1-0"]
[Round "7"]
[TimeControl "180+2"]
[Date "2023.06.13"]
[WhiteClock "0:00:05"]
[BlackClock "0:00:00"]
[Board "22"]

1. e4 g6 2. d4 d6 3. Nc3 a6 4. Be3 Bg7 5. g4 b5 6. Bg2 Nd7 7. Nce2 c5 8. Ng3 Bb7 9. N1e2 Rc8 10. c3 cxd4 11. cxd4 Ngf6 12. h3 h5 13. g5 Nh7 14. h4 O-O 15. O-O e5 16. f4 exd4 17. Bxd4 Bxd4+ 18. Nxd4 Qb6 19. Qd2 Rc4 20. Rad1 Ne5 21. b3 Rc7 22. Kh1 Ng4 23. f5 Re8 24. Qf4 Rce7 25. Ne6 Qe3 26. Rxd6 fxe6 27. fxg6 Qxf4 28. gxh7+ Rxh7 29. Rxf4 Rc7 30. Nxh5 Rc1+ 31. Rf1 Rxf1+ 32. Bxf1 Bxe4+ 33. Kg1 Rc8 34. Rd4 Bf5 35. Rxg4 Bxg4 36. Nf6+ Kg7 37. Nxg4 Rc2 38. h5 Rxa2 39. Bd3 Rd2 40. h6+ Kg8 41. g6 1-0


[Site "https://www.chess.com"]

[Event "Titled Tuesday Blitz June 13 Early 2023"]
[White "Bortnyk, Olexandr"]
[Black "Rastbod, Ali"]
[WhiteFideId "14120828"]
[BlackFideId "12567477"]
[WhiteElo "2733"]
[BlackElo "2281"]
[Result "1-0"]
[Round "7"]
[TimeControl "180+2"]
[Date "2023.06.13"]
[WhiteClock "0:00:06"]
[BlackClock "0:00:00"]
[Board "23"]

1. e4 c6 2. c4 d5 3. cxd5 cxd5 4. exd5 Nf6 5. Qa4+ Bd7 6. Qb3 e6 7. Qxb7 exd5 8. Nc3 Nc6 9. Bb5 Rb8 10. Qa6 Nb4 11. Bxd7+ Qxd7 12. Qe2+ Qe6 13. Qxe6+ fxe6 14. Kd1 Nd3 15. Nh3 Bc5 16. f3 Kd7 17. b3 g5 18. Ke2 Nb4 19. Bb2 Rhg8 20. Na4 Be7 21. Nf2 g4 22. a3 gxf3+ 23. gxf3 Nc2 24. Rac1 Nxa3 25. Nc5+ Bxc5 26. Rxc5 Nh5 27. Bxa3 Rxb3 28. Rc3 Nf4+ 29. Kd1 Rb1+ 30. Rc1 Rb3 31. Rc3 Rb1+ 32. Bc1 Rg2 33. Nd3 Ne2 34. Ra3 Nxc1 35. Nxc1 Rb2 36. Rd3 a5 37. Re1 a4 38. Re2 Rg1+ 39. Re1 Rxe1+ 40. Kxe1 Rb1 41. Kd1 Rb4 42. Ne2 Rh4 43. Rd4 Rxh2 44. Rxa4 Kd6 45. f4 h5 46. Ra6+ Kd7 47. Nd4 1-0


[Site "https://www.chess.com"]

[Event "Titled Tuesday Blitz June 13 Early 2023"]
[White "Turayev, Shahruh"]
[Black "Swiercz, Dariusz"]
[WhiteFideId "14003856"]
[BlackFideId "1126881"]
[WhiteElo "2113"]
[BlackElo "2620"]
[Result "0-1"]
[Round "7"]
[TimeControl "180+2"]
[Date "2023.06.13"]
[WhiteClock "0:00:06"]
[BlackClock "0:00:06"]
[Board "24"]

1. e4 c5 2. Nc3 Nc6 3. Bb5 Nd4 4. Bc4 a6 5. Nge2 e6 6. a4 Qc7 7. O-O Nf6 8. d3 Nc6 9. f4 d6 10. f5 exf5 11. exf5 Be7 12. Bg5 O-O 13. Ng3 Qd8 14. Bxf6 Bxf6 15. Nh5 Bxc3 16. bxc3 Qg5 17. Ng3 Ne5 18. Bd5 Ng4 19. Qf3 Qe3+ 20. Kh1 Qxf3 21. Rxf3 Nf6 22. c4 Bd7 23. Bxb7 Ra7 24. Bd5 Rb8 25. Ne4 Nxe4 26. dxe4 Bxa4 27. Rc3 a5 28. g4 Be8 29. g5 Kf8 30. h4 f6 31. Kh2 a4 32. Kg3 Ke7 33. Kf4 Rb2 34. h5 fxg5+ 35. Kxg5 h6+ 36. Kf4 Kf6 37. Raa3 Bxh5 38. Bc6 Rb1 39. Rd3 Rf1+ 40. Kg3 Ke7 41. Rxa4 Rxa4 42. Bxa4 Bf7 43. Bb5 Rc1 44. Ra3 Rxc2 45. Ra7+ Kf6 46. Rd7 Rd2 47. Kf4 Rd4 48. Ke3 h5 49. Rd8 g5 50. fxg6 Bxg6 51. Rf8+ Kg7 52. Rd8 Rxe4+ 53. Kf3 Rd4 54. Rd7+ Kf6 55. Bc6 h4 56. Bd5 Bf5 57. Rf7+ Ke5 58. Re7+ Kf6 59. Rf7+ Kg6 60. Rf8 h3 61. Rh8 Kg5 62. Kg3 Rg4+ 63. Kf3 Rd4 64. Kg3 Kf6 65. Kf3 Kg7 66. Rh5 Bg4+ 0-1


[Site "https://www.chess.com"]